 Dungeon Crawl Stone Soup version 0.24-a0-520-g8fd06ad0bc (webtiles) character file.

Game seed: 3661363484118073704

138 AarnesTheHuman the Firebug (level 5, 0/41 HPs)
             Began as a Hill Orc Fire Elementalist on July 26, 2019.
             Killed from afar by an orc wizard (7 damage)
             ... with a puff of flame
             ... on level 3 of the Dungeon.
             The game lasted 00:13:52 (2401 turns).

AarnesTheHuman the Firebug (HOFE)                   Turns: 2401, Time: 00:13:53

Health: 0/41       AC:  2    Str: 12    XL:     5   Next: 21%
Magic:  1/17       EV: 12    Int: 15    God:
Gold:   147        SH:  0    Dex: 11    Spells: 2/8 levels left

rFire    . . .     SeeInvis .   b - +0 dagger
rCold    . . .     Gourm    .   (no shield)
rNeg     . . .     Faith    .   a - +0 robe
rPois    .         Spirit   .   (no helmet)
rElec    .         Reflect  .   (no cloak)
rCorr    +         Harm     .   (no gloves)
MR       .....                  (no boots)
Stlth    ++........             l - amulet of regeneration
HPRegen  0.53/turn              j - ring of resist corrosion
MPRegen  0.15/turn              n - ring of magical power

@: very slightly contaminated
A: no striking features
a: no special abilities


You were on level 3 of the Dungeon.
You were hungry.

You visited 1 branch of the dungeon, and saw 3 of its levels.

You collected 147 gold pieces.

Inventory:

Hand Weapons
 b - a +0 dagger (weapon)
Armour
 a - a +0 robe (worn)
 v - a +0 ring mail
Jewellery
 j - a ring of resist corrosion (left hand)
 l - an amulet of regeneration (around neck)
 n - a ring of magical power (right hand)
 q - an uncursed amulet of the acrobat {unknown}
 r - a +1 ring of evasion {unknown}
 t - an uncursed amulet of harm {unknown}
Scrolls
 h - 5 scrolls of identify
 i - a scroll of enchant weapon {unknown}
 k - a scroll of blinking {unknown}
 m - a scroll of amnesia {unknown}
 p - a scroll of remove curse {unknown}
 u - a scroll of teleportation {unknown}
 x - a scroll of random uselessness {unknown}
Potions
 d - a potion of flight {unknown}
 e - a potion of agility {unknown}
 f - a potion of resistance {unknown}
 g - 3 potions of curing
 o - a potion of invisibility {unknown}
 s - a potion of heal wounds {unknown}
 z - 2 potions of brilliance {unknown}
Comestibles
 c - 5 rations
 w - 6 chunks of flesh


   Skills:
 + Level 2.3 Fighting
 + Level 2.1 Armour
 - Level 1.5 Dodging
 - Level 1.5 Stealth
 + Level 2.2 Spellcasting
 + Level 2.2 Conjurations
 + Level 4.0 Fire Magic


You had 2 spell levels left.
You knew the following spells:

 Your Spells              Type           Power        Failure   Level  Hunger
a - Flame Tongue          Conj/Fire      ##...        6%          1    #......
b - Throw Flame           Conj/Fire      ##....       9%          2    ###....
c - Conjure Flame         Conj/Fire      ##......     19%         3    ###....

Your spell library contained the following spells:

 Spells                   Type           Power        Failure   Level  Hunger
 Inner Flame              Hex/Fire       #.......     28%         3    ###....
 Sticky Flame             Conj/Fire      ##......     52%         4    #####..
 Fireball                 Conj/Fire      ##........   86%         5    ######.


Dungeon Overview and Level Annotations

Branches:
Dungeon (3/15)

Altars:
Ashenzari
Okawaru
Wu Jian

Annotations:
D:2 1 exclusion


Message History

Confirm with . or Enter, or press ? or * to list all spells.
You don't have enough magic to cast that spell.
Press: ? - help, v - describe, . - travel
Here: an orc wizard, wielding a +0 dagger and wearing a +0 robe (severely wounded, fast)
The floor, spattered with blood.
You closely miss the orc wizard.
The orc wizard is severely wounded.
The orc wizard hits you but does no damage.
You hit the orc wizard.
The orc wizard is severely wounded.
The orc wizard barely misses you.
The orc wizard casts a spell.
The orc wizard flickers and vanishes!
Deactivating autopickup; reactivate with Ctrl-A.
Something hits you.
* * * LOW HITPOINT WARNING * * *
You hear some strange, mumbled words.
A puff of flame appears from out of thin air!
The puff of flame hits you!
You die...

.. #.# ######## #####.##
#......# #......#.. #......#
#......#.# #......#
#......#.## ..###......#
#......#...
.†........##########(.....#.##
#......<..@{..).).#...#....
#......##########.#.#..o###
######.# #......#.#g...
#.#######.##.....#.###
######..#....#.########g#..
...........÷÷.....).....(...
########.#....).#......#(#.#
.........####..#.####.#.#..
...####..# ..#.####.#÷#..


There were no monsters in sight!

Vanquished Creatures
  A worker ant (D:3)
  6 adders
  A worm (D:1)
  A dart slug (D:1)
  A leopard gecko (D:2)
  4 giant cockroaches
  12 goblins
  8 hobgoblins
  6 kobolds
  A quokka (D:2)
  A ball python (D:3)
  4 bats
  A frilled lizard (D:2)
  8 rats
55 creatures vanquished.

Notes
Turn   | Place    | Note
-------+----------+-------------------------------------------
     0 | D:1      | AarnesTheHuman the Hill Orc Fire Elementalist began the
                  | quest for the Orb.
     0 | D:1      | Reached XP level 1. HP: 14/14 MP: 3/3
   115 | D:1      | Reached XP level 2. HP: 19/22 MP: 0/4
   503 | D:1      | Reached skill level 1 in Fighting
   792 | D:1      | Learned a level 2 spell: Throw Flame
   809 | D:1      | Reached skill level 1 in Armour
   872 | D:1      | Reached XP level 3. HP: 28/28 MP: 3/5
  1518 | D:2      | Reached XP level 4. HP: 29/36 MP: 1/7
  1714 | D:2      | Found a shattered altar of Ashenzari.
  1952 | D:2      | Learned a level 3 spell: Conjure Flame
  2031 | D:2      | Found an iron altar of Okawaru.
  2032 | D:2      | Found an ornate altar of the Wu Jian Council.
  2335 | D:3      | Reached skill level 4 in Fire Magic
  2335 | D:3      | Reached XP level 5. HP: 41/41 MP: 8/8
  2401 | D:3      | Killed from afar by an orc wizard

Levels and vault maps discovered:
D:1:      mrwooster_arrival_statue, layout_loops_ring
D:2:      layout_loops_ring, nicolae_overflow_hidden_temple,
          nicolae_ashenzari_panopticon
D:3:      layout_basic, kennysheep_minor_cross, tgw_kikubaaqudgha, uniq_robin,
          uniq_terence

Skill      XL: |  1  2  3  4 |
---------------+-------------+-----
Fighting       | 1 2 |  2.3
Armour         | 1 2 |  2.1
Spellcasting   | 2 |  2.2
Conjurations   | 2 |  2.2
Fire Magic     | 4 |  4.0
Dodging        | |  1.5
Stealth        | |  1.5

Action                   |  1- 3 |  4- 6 || total
-------------------------+-------+-------++-------
Melee: Unarmed           |     8 |       ||     8
       Dagger            |    72 |    15 ||    87
 Cast: Flame Tongue      |    40 |    24 ||    64
       Throw Flame       |       |    24 ||    24
  Use: Scroll            |     3 |     1 ||     4
  Eat: Chunk             |     3 |     4 ||     7
Armor: Robe              |    19 |     6 ||    25
Dodge: Dodged            |    41 |    19 ||    60

Table legend:
 A = Non-vault XP
 B = Vault XP
 C = Vault XP percentage of total XP
 D = Non-vault monster count
 E = Vault monster count
 F = Vault count percentage of total count
                 A         B        C        D         E       F
            +---------+---------+-------+---------+---------+-------
      Total |     186 |      12 |   6.1 |      49 |       6 |  10.9
            +---------+---------+-------+---------+---------+-------
        D:1 |      41 |       0 |   0.0 |      22 |       0 |   0.0
        D:2 |      63 |       0 |   0.0 |      17 |       0 |   0.0
        D:3 |      82 |      12 |  12.8 |      10 |       6 |  37.5
            +---------+---------+-------+---------+---------+-------
